[Event "Team 45 45 League T42"]
[Site "Internet Chess Club"]
[Date "2009.10.29"]
[Round "1"]
[White "Invicta-Knight"]
[Black "Beancounter"]
[Result "1-0"]
[WhiteElo "1501"]
[BlackElo "1675"]
[Opening "Caro-Kann: Panov-Botvinnik attack, 5...g6"]
[ECO "B14"]
[Time "15:04:40"]
[TimeControl "2700+45"]

1. e4 c6 2. d4 d5 3. exd5 cxd5 4. c4 Nf6 5. Nc3 g6 6. Qb3 Bg7 7. cxd5 O-O 8.
Nge2 Na6 9. Nf4 Nc7 10. Bc4 Nd7 11. Be3 Nb6 12. Bd3 e6 13. O-O exd5 14. Rfe1 Ne6
15. Nxe6 Bxe6 16. Rac1 a5 17. Re2 a4 18. Qb4 Re8 19. Nb5 Qe7 20. Qxe7 Rxe7 21.
Nc7 Rc8 22. Rec2 Rd8 23. Nxe6 Rxe6 24. Rc7 Rb8 25. R1c5 Rd6 26. Ra5 Rc6 27. Rxc6
bxc6 28. Ra7 Ra8 29. Rc7 Rc8 30. Rb7 Nc4 31. Bxc4 dxc4 32. Rb4 Rd8 33. Rxc4 Rb8
34. Rxa4 Rxb2 35. Ra8+ Bf8 36. g3 Kg7 37. a4 Bb4 38. Rb8 Bc3 39. Rxb2 Bxb2 40.
a5 c5 41. dxc5 Be5 42. a6 Bb8 43. c6 {Black resigns} 1-0

[Event "Team 45 45 League T43"]
[Site "Internet Chess Club"]
[Date "2009.10.31"]
[Round "1"]
[White "stputte"]
[Black "yemisco1"]
[Result "1-0"]
[WhiteElo "1460"]
[BlackElo "1571"]
[Opening "French: advance variation"]
[ECO "C02"]
[Time "17:00:18"]
[TimeControl "2700+45"]

1. e4 e6 2. d4 d5 3. e5 Nc6 4. Nf3 h6 5. c4 Bb4+ 6. Nc3 Bxc3+ 7. bxc3 Nge7 8.
Ba3 O-O 9. Bd3 Re8 10. O-O dxc4 11. Bxc4 Na5 12. Bd3 b6 13. Be4 Bb7 14. Bxb7
Nxb7 15. c4 c5 16. dxc5 Nxc5 17. Bxc5 bxc5 18. Rb1 Qa5 19. Rb5 Qa3 20. Qd6 Nf5
21. Qxc5 Qxc5 22. Rxc5 Rec8 23. Rxc8+ Rxc8 24. Rc1 Rc5 25. Kf1 a5 26. Ke2 g5 27.
g4 Ne7 28. Kd3 Nd5 29. Kd2 Nf4 30. Rc2 Kg7 31. Kc1 Nd3+ 32. Kb1 Nxe5 33. Nxe5
Rxe5 34. c5 Kf8 35. c6 Rb5+ 36. Kc1 Rb8 37. c7 Rc8 38. Kb2 Ke7 39. Ka3 Kd7 40.
Ka4 Rxc7 41. Rxc7+ Kxc7 42. Kxa5 f5 43. gxf5 exf5 44. Kb5 g4 45. Kc5 f4 46. Kd4
h5 47. Ke4 f3 48. Kf4 Kd6 49. Kg5 Ke5 50. Kxh5 Kf4 51. a4 Ke4 52. Kxg4 Kd3 53.
Kxf3 {Black resigns} 1-0

[Event "Team 45 45 League T43"]
[Site "Internet Chess Club"]
[Date "2009.10.30"]
[Round "1"]
[White "zachi"]
[Black "whale5970"]
[Result "1-0"]
[WhiteElo "1977"]
[BlackElo "1559"]
[Opening "French defense, Steiner variation"]
[ECO "C00"]
[Time "09:36:25"]
[TimeControl "2700+45"]

1. e4 e6 2. c4 c5 3. Nf3 Nc6 4. d4 cxd4 5. Nxd4 Bc5 6. Be3 Qb6 7. Nb5 Bxe3 8.
fxe3 Qxe3+ 9. Be2 Qb6 10. Qd6 Rb8 11. c5 Qa5+ 12. N1c3 Nge7 13. Nc7+ Kd8 14. Nb5
a6 15. Na3 Qc7 16. O-O f6 17. Nc4 Ng6 18. Rad1 Qxd6 19. Nxd6 Ke7 20. Na4 Nge5
21. Nb6 Na7 22. g4 h6 23. h4 Nf7 24. Nbxc8+ Nxc8 25. Nxf7 Kxf7 26. Rxd7+ Ne7 27.
g5 hxg5 28. hxg5 Rhd8 29. Bh5+ Kf8 30. Rxd8+ Rxd8 31. gxf6 Nc6 32. fxg7+ Kxg7
33. Kg2 Rd2+ 34. Rf2 Rd4 35. a3 Rxe4 36. Rf7+ Kh6 37. Bf3 Rc4 38. Rxb7 Rxc5 39.
Rb6 Nd4 40. Rxa6 Rg5+ 41. Kf2 Rf5 42. Ke3 Nc2+ 43. Kd2 Nd4 44. Bg4 Re5 45. Kd3
Nb3 46. Kc4 Nc5 47. Rc6 Kg6 48. b4 Kf6 49. Rxc5 Re4+ 50. Kb3 Rxg4 51. b5 Rg1 52.
a4 e5 53. a5 Ke6 54. a6 Ra1 55. Rc2 Kd5 56. Ra2 Rb1+ 57. Kc2 Rh1 58. a7 Rh2+ 59.
Kb3 Rh3+ 60. Kb4 Rh4+ 61. Ka5 Rh8 62. Kb6 Rh6+ 63. Kc7 Rh7+ 64. Kd8 Rh8+ 65. Ke7
Ra8 66. Kd7 Kc5 67. Kc7 Kxb5 68. Kb7 Re8 69. a8=Q Re7+ 70. Kc8 Re8+ 71. Kd7 Rxa8
72. Rxa8 Kc4 73. Ke6 Kd4 74. Kf5 e4 75. Rd8+ Ke3 76. Re8 Kf3 77. Rxe4 Kg3 78.
Ra4 Kh3 79. Kg5 Kg3 80. Ra3+ Kf2 81. Kg4 Ke2 82. Kf4 Kd2 83. Ke4 Kc2 84. Kd4 Kb2
85. Rh3 Kc2 86. Rg3 Kb2 87. Kc4 Ka2 88. Kb4 Kb1 89. Rg2 Kc1 90. Kb3 Kd1 91. Kc3
Ke1 92. Kd3 Kf1 93. Ra2 Ke1 94. Rb2 Kf1 95. Ke3 Kg1 96. Kf3 Kh1 97. Kg3 Kg1 98.
Rb1# {Black checkmated} 1-0

[Event "Team 45 45 League T43"]
[Site "Internet Chess Club"]
[Date "2009.10.30"]
[Round "1"]
[White "quaksterjohny"]
[Black "AndersO"]
[Result "1-0"]
[WhiteElo "1446"]
[BlackElo "1401"]
[Opening "French: advance, Euwe variation"]
[ECO "C02"]
[Time "18:23:48"]
[TimeControl "2700+45"]

1. e4 e6 2. d4 d5 3. e5 c5 4. c3 Nc6 5. Nf3 Bd7 6. Be2 cxd4 7. cxd4 Nge7 8. Na3
Nf5 9. Nc2 Qb6 10. a3 a5 11. O-O Be7 12. Rb1 O-O 13. b4 axb4 14. axb4 Rfc8 15.
Bf4 Na7 16. g4 Ba4 17. Rb2 Bxc2 18. Rxc2 Rxc2 19. Qxc2 Nxd4 20. Nxd4 Qxd4 21.
Bg3 Nc6 22. b5 Nxe5 23. Rd1 Ra1 24. Kg2 Rxd1 25. Bxd1 Nc4 26. Qa4 Qb6 27. Be2
Nd6 28. Bf4 Ne4 29. Be3 Qd8 30. Qa7 Qc8 31. b6 Bc5 32. Ba6 Nd6 33. Bxc5 Qxc5 34.
Bxb7 Nc4 35. Qb8+ Qf8 36. Qc7 h6 37. Ba6 Qd6 38. Bxc4 Qf4 39. Qxf4 {Black
resigns} 1-0

[Event "Team 45 45 League T43"]
[Site "Internet Chess Club"]
[Date "2009.10.31"]
[Round "1"]
[White "Kingangyal"]
[Black "Nikhil03"]
[Result "0-1"]
[WhiteElo "1466"]
[BlackElo "1554"]
[Opening "Queen's pawn, Mason variation"]
[ECO "D00"]
[Time "16:02:38"]
[TimeControl "2700+45"]

1. d4 d5 2. Bf4 Nf6 3. e3 h6 4. h3 a6 5. Nf3 Bf5 6. c4 e6 7. Nc3 c6 8. Be2 Bb4
9. O-O Nbd7 10. Qb3 Bxc3 11. Qxc3 O-O 12. Rac1 Ne4 13. Qe1 Qb6 14. b4 a5 15. c5
Qxb4 16. Qxb4 axb4 17. Bd3 Rxa2 18. Rb1 Ra4 19. Rb3 Nc3 20. Bxf5 exf5 21. Nd2
Nf6 22. g3 Nfe4 23. Nxe4 fxe4 24. Kh1 Rfa8 25. g4 Ra1 26. Rxa1 Rxa1+ 27. Kg2 Rb1
28. Rxb1 Nxb1 29. Bc7 b3 30. Ba5 b2 {White resigns} 0-1

[Event "Team 45 45 League T43"]
[Site "Internet Chess Club"]
[Date "2009.11.03"]
[Round "1"]
[White "Zappy"]
[Black "kingsrook"]
[Result "0-1"]
[WhiteElo "1507"]
[BlackElo "1327"]
[Opening "Caro-Kann: Panov-Botvinnik attack"]
[ECO "B13"]
[Time "16:30:07"]
[TimeControl "2700+45"]

1. e4 c6 2. d4 d5 3. exd5 cxd5 4. c4 Nf6 5. Nc3 Nc6 6. Nf3 Bg4 7. Be2 e6 8. h3
Bh5 9. O-O Be7 10. Bf4 O-O 11. Ne5 Bxe2 12. Nxc6 bxc6 13. Qxe2 Bd6 14. Bxd6 Qxd6
15. c5 Qc7 16. a3 a5 17. Rfe1 Rfb8 18. Na4 Nd7 19. Qe3 Rb7 20. Re2 Rab8 21. g4
Rb3 22. Nc3 Nf6 23. Qd2 Ne4 24. Nxe4 dxe4 25. Ra2 Rxh3 26. f4 exf3 27. Rh2 Qg3+
28. Kh1 f2 29. Qxf2 Qxf2 30. Rxh3 Rxb2 31. Rxb2 Qxb2 32. a4 Qxd4 33. Kg2 Qxg4+
34. Kh2 Qxa4 35. Rf3 Qb5 36. Rg3 g6 37. Kh3 Qxc5 38. Rf3 a4 39. Kg3 a3 40. Rf1
Qc3+ 41. Kh2 a2 42. Kg2 a1=Q 43. Rxa1 Qxa1 {White resigns} 0-1

[Event "Team 45 45 League T43"]
[Site "Internet Chess Club"]
[Date "2009.10.31"]
[Round "1"]
[White "Zumbi"]
[Black "QueensCounselor"]
[Result "1-0"]
[WhiteElo "2043"]
[BlackElo "2047"]
[Opening "Sicilian: Hungarian variation"]
[ECO "B27"]
[Time "16:02:18"]
[TimeControl "2700+45"]

1. e4 c5 2. Nf3 g6 3. c3 Bg7 4. d4 cxd4 5. cxd4 d6 6. Bb5+ Bd7 7. Bxd7+ Nxd7 8.
O-O Ngf6 9. Nc3 O-O 10. Bg5 Rc8 11. Re1 h6 12. Bh4 g5 13. Bg3 Nh5 14. Qb3 g4 15.
Nh4 Nxg3 16. hxg3 e6 17. Qa4 a6 18. Rad1 Nb6 19. Qb3 Re8 20. e5 d5 21. Ne2 Rc6
22. Qe3 Nc4 23. Qf4 Nxb2 24. Rd2 Nc4 25. Rd3 Qg5 26. Rb1 b6 27. f3 Qxf4 28. gxf4
gxf3 29. Nxf3 f6 30. Ng3 fxe5 31. fxe5 Rf8 32. Nh5 Rf5 33. g4 Rxf3 34. Rxf3 Nd2
35. Rbb3 Nxf3+ 36. Rxf3 Rc1+ 37. Kg2 Rc2+ 38. Kg3 Rd2 39. Rc3 Rxd4 40. Rc8+ Bf8
41. Nf6+ Kf7 42. Kh4 Rd2 43. a4 Ra2 44. Rc7+ Be7 45. g5 Rxa4+ 46. Kh5 hxg5 47.
Kxg5 b5 48. Rb7 Ra1 49. Kf4 b4 50. Nd7 a5 51. Nb6 Rf1+ 52. Kg4 Rg1+ 53. Kf3 Rf1+
54. Ke2 Rc1 55. Kd2 Ra1 56. Nc8 b3 57. Rxe7+ Kf8 58. Rb7 a4 59. Nd6 Ra2+ 60. Kc1
Rd2 {Black resigns} 1-0

[Event "Team 45 45 League T43"]
[Site "Internet Chess Club"]
[Date "2009.10.30"]
[Round "1"]
[White "The7thGuest"]
[Black "Ptzz"]
[Result "1/2-1/2"]
[WhiteElo "2086"]
[BlackElo "2024"]
[Opening "QGD Slav: 4.Nc3"]
[ECO "D15"]
[Time "13:00:16"]
[TimeControl "2700+45"]

1. d4 d5 2. c4 c6 3. Nf3 Nf6 4. Nc3 a6 5. a4 a5 6. Qd3 g6 7. e4 dxe4 8. Nxe4 Bg7
9. Nxf6+ Bxf6 10. Bh6 Qb6 11. Be2 Bf5 12. Qe3 Qb4+ 13. Qd2 Na6 14. Qxb4 Nxb4 15.
O-O Rd8 16. Rfd1 Nc2 17. Rac1 Nxd4 18. Nxd4 Rxd4 19. Rxd4 Bxd4 20. b3 f6 21. Be3
Bxe3 22. fxe3 Kd7 23. Bf3 e5 24. g4 Be6 25. c5 Ke7 26. b4 axb4 27. Rb1 b3 28.
Bd1 Rd8 29. Bxb3 Bxb3 30. Rxb3 Rd7 31. a5 Ke6 32. e4 f5 33. gxf5+ gxf5 34. exf5+
Kxf5 35. a6 bxa6 36. Rb6 Rc7 37. Rxa6 Ke4 38. Ra8 Kd5 39. Re8 Rg7+ 40. Kf2 Rg5
41. Rh8 Rh5 42. Kg3 Kxc5 43. h4 Rh6 44. Kg4 e4 45. Kg5 Re6 46. Kf5 Re7 47. Kf6
Kd6 48. Rd8+ Rd7 49. Re8 Kd5 50. h5 Rd6+ 51. Kf5 c5 52. Re5+ Kd4 53. Rxe4+ Kd3
54. Re7 h6 55. Rg7 c4 56. Rg6 Rd5+ 57. Kg4 c3 58. Rxh6 Rc5 59. Rd6+ Ke2 60. Ra6
c2 61. Ra2 Ke3 62. Rxc2 Rxc2 63. h6 Ke4 64. Kg5 Ke5 65. h7 Rc8 66. Kg6 Rc6+ 67.
Kg5 Rc8 68. Kg6 Ke6 69. Kg7 Rc7+ 70. Kg8 Rc8+ {Game drawn by mutual agreement}
1/2-1/2

[Event "Team 45 45 League T43"]
[Site "Internet Chess Club"]
[Date "2009.10.31"]
[Round "1"]
[White "PaulKaspar"]
[Black "LoseOften"]
[Result "1-0"]
[WhiteElo "1892"]
[BlackElo "1812"]
[Opening "Sicilian defense"]
[ECO "B20"]
[Time "12:00:43"]
[TimeControl "2700+45"]

1. e4 c5 2. Bd3 Nc6 3. c3 d6 4. Nf3 Nf6 5. Bc2 g6 6. O-O Bg7 7. d3 O-O 8. h3 b5
9. Bg5 h6 10. Be3 e5 11. Qd2 Kh7 12. d4 cxd4 13. cxd4 exd4 14. Nxd4 Nxd4 15.
Bxd4 Bb7 16. Nc3 Re8 17. f3 b4 18. Ne2 a5 19. a3 bxa3 20. bxa3 d5 21. e5 Nd7 22.
f4 Rc8 23. Rac1 Nc5 24. Bxc5 Rxc5 25. Bxg6+ fxg6 26. Rxc5 Qb6 27. Qxa5 Qb2 28.
Rf2 Ra8 29. Qb4 Qa1+ 30. Rc1 {Black resigns} 1-0

[Event "Team 45 45 League T43"]
[Site "Internet Chess Club"]
[Date "2009.11.03"]
[Round "1"]
[White "Freitac"]
[Black "Marichan"]
[Result "1-0"]
[WhiteElo "1959"]
[BlackElo "1937"]
[Opening "King's Indian: Sämisch, 6...Nc6"]
[ECO "E83"]
[Time "18:04:25"]
[TimeControl "2700+45"]

1. d4 Nf6 2. c4 g6 3. Nc3 Bg7 4. e4 d6 5. f3 O-O 6. Be3 Nc6 7. Qd2 e5 8. d5 Nd4
9. Nge2 Nxe2 10. Bxe2 Bd7 11. O-O Nh5 12. b4 f5 13. c5 f4 14. Bf2 Nf6 15. cxd6
cxd6 16. Nb5 Bxb5 17. Bxb5 a6 18. Be2 Qd7 19. Rfc1 Rac8 20. Rxc8 Rxc8 21. Rc1 g5
22. Rc2 h5 23. Qc1 Rxc2 24. Qxc2 g4 25. Bb6 h4 26. Qc7 Qxc7 27. Bxc7 Ne8 28. Bd8
gxf3 29. Bxf3 Bf6 30. Bb6 Kf8 31. Bg4 Ke7 32. Bc8 Ng7 33. Bxb7 Kd7 34. Bxa6 Be7
35. Kf2 Ne8 36. Bb5+ {Black resigns} 1-0

[Event "Team 45 45 League T42"]
[Site "Internet Chess Club"]
[Date "2009.10.29"]
[Round "1"]
[White "Constrictor"]
[Black "Nosferatu1"]
[Result "1/2-1/2"]
[WhiteElo "1848"]
[BlackElo "1841"]
[Opening "Réti: Nimzovich-Larsen attack"]
[ECO "A06"]
[Time "18:56:32"]
[TimeControl "2700+45"]

1. Nf3 d5 2. b3 Nf6 3. e3 c5 4. Bb2 g6 5. Ne5 Bg7 6. Bb5+ Nbd7 7. f4 O-O 8. O-O
a6 9. Nxd7 Bxd7 10. Bxd7 Qxd7 11. d3 Rad8 12. Nd2 b5 13. Nf3 Qc7 14. Be5 Qd7 15.
Qe1 b4 16. Qh4 h6 17. h3 Nh7 18. Bxg7 Kxg7 19. Ne5 Qe6 20. Rae1 Nf6 21. Rf3 Nd7
22. Nxd7 Rxd7 23. f5 Qf6 24. Qg4 Rd6 25. e4 Qg5 26. Qxg5 hxg5 27. e5 Rc6 28. g4
a5 29. Kg2 Ra6 {Game drawn by mutual agreement} 1/2-1/2

[Event "Team 45 45 League T43"]
[Site "Internet Chess Club"]
[Date "2009.10.30"]
[Round "1"]
[White "BRAINWAVE"]
[Black "viking99"]
[Result "1/2-1/2"]
[WhiteElo "1777"]
[BlackElo "1846"]
[Opening "Queen's pawn game"]
[ECO "A45"]
[Time "18:02:36"]
[TimeControl "2700+45"]

1. d4 Nf6 2. e3 g6 3. Bd3 Bg7 4. f4 d5 5. Nf3 Nc6 6. c3 Ne4 7. Bxe4 dxe4 8. Ne5
Bd7 9. Nd2 f5 10. O-O Nxe5 11. dxe5 Be6 12. Nb3 b6 13. Qc2 c5 14. Rd1 Qc7 15.
Bd2 Kf7 16. c4 Rhd8 17. Nc1 Rd7 18. b3 Rad8 19. a4 a5 20. Kf1 Bxe5 21. fxe5 Qxe5
22. Ne2 Rxd2 23. Rxd2 Qxa1+ 24. Kf2 Rxd2 25. Qxd2 Qe5 26. g3 Qd6 27. Qc3 Qd3 28.
Qxd3 exd3 29. Nf4 g5 30. Nxd3 Kf6 31. h4 h6 32. hxg5+ hxg5 33. Ke2 Bd7 34. Nf2
Bc6 35. Kd3 e5 36. g4 e4+ 37. Ke2 f4 38. Nh3 f3+ 39. Kf2 Bd7 40. Kg3 Bc8 41. Nf2
Ke5 42. Nd1 Bd7 43. Nf2 Bc8 44. Nh3 Kf6 45. Nf2 Ke5 46. Nd1 Be6 47. Nf2 Bd7 48.
Nh3 Kf6 49. Nf2 Bc6 50. Nh3 Bd7 51. Nf2 Ke5 52. Nh3 Kf6 53. Nf2 {Game drawn by
repetition} 1/2-1/2

[Event "Team 45 45 League T43"]
[Site "Internet Chess Club"]
[Date "2009.10.31"]
[Round "1"]
[White "HumanTornado"]
[Black "MRX"]
[Result "1-0"]
[WhiteElo "1882"]
[BlackElo "1663"]
[Opening "Sicilian: dragon variation"]
[ECO "B70"]
[Time "13:02:50"]
[TimeControl "2700+45"]

1. e4 c5 2. Nf3 d6 3. d4 cxd4 4. Nxd4 Nf6 5. Nc3 g6 6. Be2 Bg7 7. O-O O-O 8. Re1
Bd7 9. Bf1 Nc6 10. Nb3 Rc8 11. Bg5 Be6 12. Nd5 Bxd5 13. exd5 Ne5 14. c3 h6 15.
Be3 a6 16. a4 Nc4 17. Bc1 Re8 18. Nd2 Nxd2 19. Qxd2 Qa5 20. c4 Qxd2 21. Bxd2 Nd7
22. Ra2 h5 23. a5 Ne5 24. b3 Kh7 25. Bg5 Bh6 26. Bxh6 Kxh6 27. f4 Ng4 28. Rae2
Rc7 29. Rd2 Kg7 30. Bd3 Nf6 31. Rde2 Kf8 32. h3 Nd7 33. b4 b6 34. axb6 Nxb6 35.
c5 dxc5 36. d6 Rcc8 37. Bxa6 exd6 38. Bxc8 Rxc8 39. bxc5 dxc5 40. Rd2 Rc6 41. f5
c4 42. fxg6 fxg6 43. Rf2+ Kg7 44. Re7+ Kh6 45. Rff7 h4 46. Rc7 Rd6 47. Rh7+ Kg5
48. Rc5+ Rd5 49. Rhc7 Rxc5 50. Rxc5+ Kh6 51. Rc6 Nd5 52. Rxc4 Nf6 53. Rxh4+ Kg5
54. Ra4 Nh5 55. Kh2 Kh6 56. g4 Nf6 57. h4 Kg7 58. Ra7+ Kg8 59. Kg3 Kf8 60. Kf4
Nd5+ 61. Kg5 Ne3 62. h5 gxh5 63. gxh5 Nd5 64. Rd7 Ne7 65. h6 Ke8 66. Rxe7+ Kxe7
67. h7 {Black resigns} 1-0

[Event "Team 45 45 League T43"]
[Site "Internet Chess Club"]
[Date "2009.10.30"]
[Round "1"]
[White "rolanding90"]
[Black "Constrictor"]
[Result "0-1"]
[WhiteElo "1743"]
[BlackElo "1860"]
[Opening "QGD Slav: Czech defense"]
[ECO "D17"]
[Time "20:23:53"]
[TimeControl "2700+45"]

1. d4 c6 2. c4 d5 3. Nc3 Nf6 4. Nf3 dxc4 5. a4 Bf5 6. Nh4 Bg6 7. Nxg6 hxg6 8. e3
Qc7 9. Bxc4 Rxh2 10. Kd2 e6 11. Kc2 Nbd7 12. Bd2 Rxg2 13. Qf3 Rh2 14. e4 Nb6 15.
Rxh2 Qxh2 16. Rh1 Qc7 17. Bf4 Qd7 18. Qd3 O-O-O 19. Rh8 Be7 20. Rxd8+ Qxd8 21.
Bh2 Ng4 22. Bg1 Nxc4 23. Qxc4 Qd6 24. f3 Qg3 25. d5 Qxg1 26. dxc6 Ne3+ {White
resigns} 0-1

[Event "Team 45 45 League T43"]
[Site "Internet Chess Club"]
[Date "2009.10.31"]
[Round "1"]
[White "Kallistos"]
[Black "Monsieur"]
[Result "0-1"]
[WhiteElo "1669"]
[BlackElo "1601"]
[Opening "Réti opening"]
[ECO "A04"]
[Time "12:00:46"]
[TimeControl "2700+45"]

1. Nf3 e5 2. Nxe5 Nc6 3. Nxc6 dxc6 4. d4 c5 5. d5 c6 6. Nc3 Nf6 7. Bg5 Be7 8.
dxc6 O-O 9. Qxd8 Rxd8 10. c7 Rd7 11. Bf4 Nh5 12. Bg3 Nxg3 13. hxg3 a6 14. e3
Rxc7 15. Nd5 Bd6 16. Nxc7 Bxc7 17. O-O-O Be6 18. Kb1 b5 19. Bd3 g6 20. Be4 Rb8
21. Bd5 Bg4 22. f3 Bc8 23. g4 Kg7 24. Bc6 Rb6 25. Bd7 Bb7 26. Rhe1 Bg3 27. Re2
b4 28. f4 g5 29. fxg5 c4 30. Bf5 h6 31. gxh6+ Rxh6 32. Rd7 Rh1+ {White resigns}
0-1

[Event "Team 45 45 League T43"]
[Site "Internet Chess Club"]
[Date "2009.10.31"]
[Round "1"]
[White "upsan"]
[Black "ddlj81"]
[Result "0-1"]
[WhiteElo "1750"]
[BlackElo "1852"]
[Opening "Scotch game"]
[ECO "C45"]
[Time "22:00:15"]
[TimeControl "2700+45"]

1. e4 e5 2. Nf3 Nc6 3. d4 exd4 4. Nxd4 Bc5 5. Be3 Qf6 6. c3 Nge7 7. Bc4 Ne5 8.
Be2 Qg6 9. O-O d6 10. f3 O-O 11. Nd2 a6 12. Kh1 Bd7 13. N2b3 Ba7 14. Nc2 Bxe3
15. Nxe3 b5 16. Nd4 Rad8 17. Qe1 c5 18. Ndc2 f5 19. f4 N5c6 20. exf5 Nxf5 21.
Qf2 Nce7 22. Rad1 Bc6 23. Bd3 c4 24. Bxf5 Nxf5 25. Nxf5 Rxf5 26. Qg3 Qxg3 27.
hxg3 Be4 28. Nd4 Rh5+ 29. Kg1 d5 30. Kf2 Rd6 31. Nf3 Rf6 32. Rh1 Rxh1 33. Rxh1
a5 34. Re1 b4 35. Ng5 bxc3 36. bxc3 Bg6 37. Re6 Rxe6 38. Nxe6 Kf7 39. Nc5 Ke7
40. Ke3 Kd6 41. Kd4 Bf7 42. Na4 Bg6 43. g4 Be4 44. g3 h6 45. Nc5 Bf3 46. g5 hxg5
47. fxg5 Kc6 48. Ne6 g6 49. Nf4 Be4 50. a3 Kd6 51. Nh3 Kc6 52. Nf2 Kb5 53. Nxe4
dxe4 54. Kxe4 Ka4 55. Kd4 Kxa3 56. Kxc4 a4 57. Kd5 Kb2 58. c4 a3 59. c5 a2 60.
c6 a1=Q 61. c7 Qa8+ 62. Kd6 Qc8 63. Kc6 Kc3 {White resigns} 0-1

[Event "Team 45 45 League T43"]
[Site "Internet Chess Club"]
[Date "2009.11.02"]
[Round "1"]
[White "Qualm"]
[Black "qs16"]
[Result "1-0"]
[WhiteElo "1855"]
[BlackElo "1829"]
[Opening "Sicilian: Najdorf, 7...Be7 main line"]
[ECO "B99"]
[Time "14:00:22"]
[TimeControl "2700+45"]

1. e4 c5 2. Nf3 d6 3. d4 cxd4 4. Nxd4 Nf6 5. Nc3 a6 6. Bg5 e6 7. f4 Be7 8. Qf3
Qc7 9. O-O-O Nbd7 10. Bd3 b5 11. Rhe1 Bb7 12. Qh3 b4 13. Na4 Nb6 14. Nxb6 Qxb6
15. Nf3 Rc8 16. Bxf6 Bxf6 17. e5 dxe5 18. Nxe5 Bxe5 19. Rxe5 Qc7 20. Rde1 Bd5
21. Rxd5 Qxf4+ 22. Kb1 Qf2 23. Rde5 Rc6 24. R5e2 Qf6 25. Qe3 O-O 26. Qe4 Rfc8
27. Qxh7+ Kf8 28. Qe4 a5 29. Re3 Qf2 30. R3e2 Qb6 31. Qh4 R8c7 32. Qd8# {Black
checkmated} 1-0

[Event "Team 45 45 League T43"]
[Site "Internet Chess Club"]
[Date "2009.11.03"]
[Round "1"]
[White "oldsj"]
[Black "parrot9"]
[Result "1-0"]
[WhiteElo "1642"]
[BlackElo "1753"]
[Opening "Sicilian: Najdorf, 7...Be7 main line"]
[ECO "B99"]
[Time "16:00:26"]
[TimeControl "2700+45"]

1. e4 c5 2. Nf3 d6 3. d4 cxd4 4. Nxd4 Nf6 5. Nc3 a6 6. Bg5 e6 7. f4 Be7 8. Qf3
Qc7 9. O-O-O Nbd7 10. g4 b5 11. Bxf6 Nxf6 12. g5 Nd7 13. f5 Bxg5+ 14. Kb1 Ne5
15. Qh5 Qe7 16. Rg1 Bf6 17. Bh3 g6 18. Qe2 exf5 19. Nd5 Qd8 20. exf5 O-O 21.
Rdf1 Nd7 22. Nc6 Qe8 23. Qh5 Bb7 24. fxg6 fxg6 25. Bxd7 Qxd7 26. Rxf6 Qg7 27.
Nce7+ Kh8 28. Nxg6+ Qxg6 29. Rgxg6 Bxd5 30. Qxd5 hxg6 31. Rxf8+ Rxf8 32. Kc1
Rf1+ 33. Kd2 Rf2+ 34. Kd3 Rf1 35. Ke2 {Black resigns} 1-0

[Event "Team 45 45 League T43"]
[Site "Internet Chess Club"]
[Date "2009.11.01"]
[Round "1"]
[White "tenor"]
[Black "rom1"]
[Result "1-0"]
[WhiteElo "1767"]
[BlackElo "1590"]
[Opening "Alekhine's defense: four pawns attack"]
[ECO "B03"]
[Time "14:01:25"]
[TimeControl "2700+45"]

1. e4 Nf6 2. e5 Nd5 3. d4 d6 4. c4 Nb6 5. f4 dxe5 6. fxe5 Bf5 7. Be3 e6 8. Nc3
Bb4 9. Bd3 Bxd3 10. Qxd3 c5 11. Nf3 Nc6 12. a3 cxd4 13. Bxd4 Bc5 14. Rd1 Bxd4
15. Nxd4 Nxe5 16. Qe2 Nbxc4 17. Nxe6 Qh4+ 18. g3 Qg4 19. Qxg4 Nxg4 20. Nc7+ Ke7
21. Nxa8 Rxa8 22. O-O Kf8 23. Rd4 Nge3 24. Rf3 Re8 25. Kf2 Re6 26. b3 Nxa3 27.
Rxe3 Nc2 28. Rd8+ Ke7 29. Rxe6+ fxe6 30. Rd2 Nb4 31. Ke3 Nc6 32. Ke4 a6 33. Na4
b5 34. Nc5 Na5 35. Rd3 Nc6 36. Nxa6 Kf6 37. Nc5 Ne5 38. Nd7+ {Black resigns} 1-0

[Event "Team 45 45 League T43"]
[Site "Internet Chess Club"]
[Date "2009.10.30"]
[Round "1"]
[White "jacknor"]
[Black "SATELLITE-DAN"]
[Result "0-1"]
[WhiteElo "1602"]
[BlackElo "1519"]
[Opening "Scotch gambit: Dubois-Réti defense"]
[ECO "C55"]
[Time "10:00:25"]
[TimeControl "2700+45"]

1. e4 e5 2. Nf3 Nc6 3. d4 exd4 4. Bc4 Nf6 5. e5 d5 6. Bb5 Ne4 7. Nxd4 Bd7 8.
Bxc6 bxc6 9. O-O Bc5 10. Be3 O-O 11. Nd2 Qe7 12. N2b3 Bb6 13. Re1 c5 14. Nf3 d4
15. Bc1 f5 16. exf6 gxf6 17. h3 Rfe8 18. Bf4 Qg7 19. Kf1 Rad8 20. Nbd2 Bb5+ 21.
Re2 Bxe2+ 22. Qxe2 Ng3+ 23. Bxg3 Rxe2 24. Kxe2 Qg6 25. Kd1 Re8 26. Nh4 Qh5+ 27.
Ndf3 c4 28. Rb1 Ba5 29. Kc1 Qh6+ 30. Kd1 Re1+ {White resigns} 0-1

[Event "Team 45 45 League T43"]
[Site "Internet Chess Club"]
[Date "2009.11.01"]
[Round "1"]
[White "katabatico"]
[Black "dpmdpm"]
[Result "1/2-1/2"]
[WhiteElo "1373"]
[BlackElo "1259"]
[Opening "Sicilian"]
[ECO "B56"]
[Time "13:00:19"]
[TimeControl "2700+45"]

1. e4 c5 2. Nf3 d6 3. d4 cxd4 4. Nxd4 Nf6 5. Nc3 Bd7 6. Be2 g6 7. Be3 Bg7 8. Qd2
O-O 9. O-O-O Nc6 10. h4 Qc7 11. f3 Nxd4 12. Bxd4 Rfe8 13. g4 e5 14. Be3 Be6 15.
h5 Nd7 16. hxg6 fxg6 17. Bh6 Nc5 18. Bxg7 Kxg7 19. Qh6+ Kg8 20. Nb5 Qg7 21.
Qxg7+ Kxg7 22. Nc7 Bxa2 23. Nxa8 Rxa8 24. b3 Rc8 25. Rxd6 Bxb3 26. Bd1 Bc4 27.
Rh2 Bf7 28. Rhd2 Nb3+ 29. Kb2 Nxd2 30. Rxd2 Be6 31. Be2 Rc6 32. c3 a6 33. Bd1
Rb6+ 34. Kc1 Rc6 35. Kb2 Rb6+ 36. Kc1 Rc6 37. Kc2 Rb6 38. Kc1 Rc6 39. Kb2 Rb6+
{Game drawn by repetition} 1/2-1/2

[Event "Team 45 45 League T43"]
[Site "Internet Chess Club"]
[Date "2009.10.31"]
[Round "1"]
[White "otib2006"]
[Black "Visin"]
[Result "0-1"]
[WhiteElo "1198"]
[BlackElo "1184"]
[Opening "English: Anglo-Dutch defense"]
[ECO "A10"]
[Time "09:10:40"]
[TimeControl "2700+45"]

1. c4 f5 2. Nc3 Nf6 3. g3 c6 4. Bg2 e6 5. Nf3 d5 6. cxd5 cxd5 7. O-O Nc6 8. d4
Be7 9. Bg5 O-O 10. Ne5 Nd7 11. Bxe7 Qxe7 12. Nxc6 bxc6 13. f4 c5 14. Nxd5 exd5
15. Bxd5+ Kh8 16. Bxa8 Qe3+ 17. Kh1 cxd4 18. Qd3 Qxd3 19. exd3 Ba6 20. Rf3 Rxa8
21. Rc1 Nb6 22. Kg1 Rc8 23. Rxc8+ Nxc8 24. Rf2 Bxd3 25. Rd2 Bc4 26. Rxd4 Nb6 27.
Rd8+ Bg8 28. Kg2 g6 29. Kh3 Kg7 30. b3 Be6 31. Re8 Kf7 32. Rb8 Bd5 33. Rd8 Be4
34. Kh4 Bf3 35. Kg5 Kg7 36. Rd3 Be4 37. Rc3 h6+ 38. Kh4 Nd5 39. Rc8 a6 40. Rd8
Nf6 41. Rd6 Bb7 42. Rb6 Bc8 43. Rb8 Bd7 44. Ra8 Bb5 45. a4 Be2 46. b4 Nh7 47.
Ra7+ Kg8 48. Rb7 g5+ 49. fxg5 hxg5+ 50. Kh3 Bf1# {White checkmated} 0-1

[Event "Team 45 45 League T43"]
[Site "Internet Chess Club"]
[Date "2009.11.02"]
[Round "1"]
[White "Zohan"]
[Black "BotanicalKnight"]
[Result "0-1"]
[WhiteElo "1308"]
[BlackElo "1549"]
[Opening "Dutch defense, Rubinstein variation"]
[ECO "A84"]
[Time "19:05:14"]
[TimeControl "2700+45"]

1. c4 f5 2. d4 e6 3. Nc3 Nf6 4. Bg5 Be7 5. Nf3 d5 6. e3 O-O 7. Bd3 c6 8. O-O Ne4
9. Bxe7 Qxe7 10. Qc2 Nd7 11. c5 a5 12. a4 g5 13. Bxe4 fxe4 14. Ne1 g4 15. Ne2 e5
16. Ng3 Qg5 17. Qe2 exd4 18. exd4 h5 19. f3 gxf3 20. gxf3 h4 21. f4 Qg7 22. Rf2
hxg3 23. hxg3 Qxd4 24. Qg4+ Qg7 25. Qe6+ Rf7 26. f5 Nxc5 27. Qe8+ Qf8 28. Qe5
Bxf5 29. Rh2 Rh7 30. Rf2 Rf7 31. Ng2 Nd3 32. Qd4 Nxf2 33. Qxf2 Bh3 34. Qe2 Bxg2
35. Qxg2 Qc5+ {White resigns} 0-1